 Dungeon Crawl Stone Soup version 0.29.0-15-g675c0067aa (webtiles) character file.

Game seed: 10199730336182040747

205 qw the Sneak (level 5, -1/32 HPs)
             Began as a Gargoyle Delver on Sept 11, 2022.
             Killed from afar by Blork the orc (4 damage)
             ... with a puff of frost
             ... on level 4 of the Dungeon.
             The game lasted 00:01:45 (4373 turns).

qw the Sneak (Gargoyle Delver)                      Turns: 4373, Time: 00:01:46

Health: -1/32      AC: 19    Str: 18    XL:     5   Next: 83%
Magic:  5/5        EV:  7    Int: 10    God:
Gold:   142        SH:  0    Dex: 11    Spells: 4/4 levels left

rFire   . . .      SeeInvis .   a - +0 war axe
rCold   . . .      Faith    .   (no shield)
rNeg    + . .      Spirit   .   o - +0 chain mail
rPois   inf        Reflect  .   d - +0 helmet
rElec   +          Harm     .   k - +0 cloak
rCorr   .          Rampage  .   (no gloves)
Will    .....                   (no boots)
Stlth   ..........              (no amulet)
HPRegen 0.10/turn               m - +4 ring of protection
MPRegen 0.09/turn               (no ring)

@: no status effects
A: sickness immunity, AC +4, negative energy resistance 1, electricity
resistance, torment resistance 1, petrification resistance
a: no special abilities


You were on level 4 of the Dungeon.
You visited 1 branch of the dungeon, and saw 5 of its levels.

You collected 142 gold pieces.


Innate Abilities, Weirdness & Mutations

You are immune to sickness and miasma.
Your stone body is resilient. (AC +4)
You are immune to poison.
You resist negative energy. (rN+)
You are resistant to electric shocks. (rElec)
You are resistant to unholy torment.
You are immune to petrification.


   Skills:
 - Level 3.2 Fighting
 + Level 4.8 Axes
 - Level 2.3 Armour
 - Level 1.5 Dodging
 - Level 5.4 Stealth


You had 4 spell levels left.
You didn't know any spells.
Your spell library was empty.

Inventory:

Hand Weapons
 a - a +0 war axe (weapon)
 i - a +2 whip of electrocution
Armour
 d - a +0 helmet (worn)
 k - a +0 cloak (worn)
 o - a +0 chain mail (worn)
Jewellery
 m - a +4 ring of protection (left hand)
Wands
 g - a wand of digging (3)
Scrolls
 h - 2 scrolls of identify
Potions
 e - a potion of curing {unknown}
 f - 2 potions of haste
 j - 2 potions of might
 l - a potion of magic {unknown}
 n - a potion of berserk rage {unknown}
 p - a potion of mutation {unknown}

Dungeon Overview and Level Annotations

Branches:
Dungeon (5/15)
 Temple: D:4-7

Altars:
Ashenzari
Elyvilon

Annotations:
D:4 Blork the orc


Message History

The magic dart hits you but does no damage.
You hit Blork the orc.
Blork the orc is lightly wounded.
Blork the orc hits you but does no damage.
You hit Blork the orc.
Blork the orc is moderately wounded.
Blork the orc mumbles some strange words.
Blork the orc seems to speed up.
Blork the orc hits you with a +2 vorpal mace.
You barely miss Blork the orc.
Blork the orc is moderately wounded.
Blork the orc hits you but does no damage.
You hit Blork the orc but do no damage.
Blork the orc is moderately wounded.
Blork the orc barely misses you.
Blork the orc hits you but does no damage.
You slash Blork the orc!
Blork the orc is heavily wounded.
Blork the orc barely misses you.
Blork the orc hits you but does no damage.
You hit Blork the orc but do no damage.
Blork the orc is heavily wounded.
Blork the orc casts a spell at you. The puff of frost hits you.
Blork the orc hits you but does no damage.
You barely miss Blork the orc.
Blork the orc is heavily wounded.
Blork the orc completely misses you.
Blork the orc hits you but does no damage.
You hit Blork the orc.
Blork the orc is severely wounded.
Blork the orc barely misses you.
Blork the orc hits you with a +2 vorpal mace!
You hit Blork the orc.
Blork the orc is almost dead.
Blork the orc casts a spell at you. The puff of frost hits you!
Blork the orc casts a spell at you. The puff of frost hits you.
You die...

#. .. #. ...# ###. ... #.. #...
.. ..##. ## ... .# #..#...###
.#.. #.##.##..........#
.....#....#........#..## ####.
.... #....##........#.... ....
...# #.#@>....###........ .# ...
... #..#o....###...#..#.. ..
..##.. #.....##..# #..#.)##. .#
#....###....###).## #....)).. .#
#......o.... ##...####.......
.####<.......... #..#...##.......
.......<.#......##.####.#..#.....
...##..###..###.....###....##.#%[
[.####.# ..##............###[#[.


You could see Blork the orc (fast).

Vanquished Creatures
  A hound (D:4)
  A jelly (D:4)
  An orc wizard (D:4)
  Robin (D:2)
  2 adders
  2 dart slugs
  8 orcs (D:4)
  2 endoplasms (D:1)
  4 giant cockroaches
  15 goblins
  5 hobgoblins
  4 jackals (D:1)
  13 kobolds
  5 quokkas
  5 ball pythons
  4 bats
  5 frilled lizards
78 creatures vanquished.

Notes
Turn   | Place    | Note
-------+----------+-------------------------------------------
     0 | D:5      | qw the Gargoyle Delver began the quest for the Orb.
     0 | D:5      | Reached XP level 1. HP: 14/14 MP: 1/1
     0 | D:5      | 0 ||| qw: Version: 0.1-a-118-gb4e7ce6
     0 | D:5      | 0 ||| qw: Game counter: 10426
     0 | D:5      | 0 ||| qw: Always use a shield: true
     0 | D:5      | 0 ||| qw: God list: Okawaru
     0 | D:5      | 0 ||| qw: Allow faded altars: false
     0 | D:5      | 0 ||| qw: Do Orc after D:15 true
     0 | D:5      | 0 ||| qw: Do second Lair branch before Depths: true
     0 | D:5      | 0 ||| qw: Lair rune preference: random
     0 | D:5      | 0 ||| qw: Plans: Normal
     0 | D:5      | 0 ||| PLANNING D:1-11
     9 | D:5      | 9 ||| DROPPING scroll of fog.
    10 | D:5      | 10 ||| DROPPING scroll of magic mapping.
    11 | D:5      | 11 ||| DROPPING scroll of fear.
    17 | D:5      | Noticed an iguana
    18 | D:5      | 18 ||| FLEEEEING.
    19 | D:5      | 19 ||| STAIRDANCE
   121 | D:4      | Reached XP level 2. HP: 14/19 MP: 2/2
   267 | D:3      | 267 ||| Stepping ~*~*~tactically~*~*~ (stealth).
   315 | D:3      | 315 ||| Stepping ~*~*~tactically~*~*~ (stealth).
   324 | D:3      | 324 ||| Stepping ~*~*~tactically~*~*~ (stealth).
   344 | D:3      | Reached skill level 3 in Axes
   344 | D:3      | Reached XP level 3. HP: 15/23 MP: 3/3
  1176 | D:1      | 1176 ||| Stepping ~*~*~tactically~*~*~ (stealth).
  2030 | D:1      | 2030 ||| UPGRADING to +0 cloak.
  2035 | D:1      | 2035 ||| DROPPING ring of wizardry.
  2036 | D:1      | 2036 ||| UPGRADING to +4 ring of protection.
  2037 | D:1      | 2037 ||| READING scroll labelled FIANUY ACWUROZO.
  2038 | D:1      | 2038 ||| READING 4 scrolls labelled QOMOKK NEMA.
  2039 | D:1      | 2039 ||| READING scroll labelled CIECKO XILEBU.
  2044 | D:1      | 2044 ||| READING 3 scrolls of identify.
  2044 | D:1      | 2044 ||| IDENTIFYING orange potion
  2045 | D:1      | 2045 ||| READING 2 scrolls of identify.
  2045 | D:1      | 2045 ||| IDENTIFYING inky potion
  2046 | D:1      | 2046 ||| DROPPING potion of invisibility.
  2047 | D:1      | 2047 ||| DROPPING potion of ambrosia.
  2396 | D:2      | 2396 ||| DROPPING +0 whip.
  2424 | D:2      | 2424 ||| Stepping ~*~*~tactically~*~*~ (stealth).
  2435 | D:2      | Noticed Robin
  2436 | D:2      | 2436 ||| Stepping ~*~*~tactically~*~*~ (hiding).
  2538 | D:2      | 2538 ||| Stepping ~*~*~tactically~*~*~ (stealth).
  2540 | D:2      | 2540 ||| Stepping ~*~*~tactically~*~*~ (hiding).
  2548 | D:2      | Reached XP level 4. HP: 23/28 MP: 4/4
  2582 | D:2      | Killed Robin
  2635 | D:2      | 2635 ||| Stepping ~*~*~tactically~*~*~ (stealth).
  2778 | D:2      | You fall into a shaft and drop 1 floor!
  2780 | D:3      | 2780 ||| UPGRADING to +0 helmet.
  2785 | D:3      | 2785 ||| READING 2 scrolls labelled EKACKI VEQ.
  2786 | D:3      | 2786 ||| DROPPING scroll of amnesia.
  3139 | D:3      | 3139 ||| READING scroll labelled VEEGE VEOT.
  3140 | D:3      | 3140 ||| READING scroll labelled VOCHIL IHOEWUA.
  3329 | D:2      | Reached skill level 1 in Armour
  3360 | D:2      | Found a broken altar of Ashenzari.
  3484 | D:2      | 3484 ||| UPGRADING to +0 chain mail.
  3494 | D:2      | 3494 ||| DROPPING +0 leather armour.
  3495 | D:2      | 3495 ||| DRINKING 2 bubbling white potions.
  3675 | D:3      | Found a white marble altar of Elyvilon.
  3783 | D:3      | 3783 ||| DRINKING 2 fizzy clear potions.
  3859 | D:4      | Noticed Blork the orc
  3876 | D:4      | HP: 5/28 [Blork the orc/+2 vorpal mace (3)]
  3877 | D:4      | 3877 ||| READING scroll of teleportation.
  3878 | D:4      | 3878 ||| DRINKING potion of heal wounds.
  3889 | D:4      | Reached XP level 5. HP: 13/32 MP: 5/5
  4097 | D:4      | 4097 ||| Stepping ~*~*~tactically~*~*~ (stealth).
  4104 | D:4      | 4104 ||| Stepping ~*~*~tactically~*~*~ (stealth).
  4147 | D:4      | 4147 ||| Stepping ~*~*~tactically~*~*~ (stealth).
  4153 | D:4      | 4153 ||| FLEEEEING.
  4156 | D:4      | 4156 ||| FLEEEEING.
  4157 | D:4      | 4157 ||| FLEEEEING.
  4158 | D:4      | 4158 ||| FLEEEEING.
  4159 | D:4      | 4159 ||| FLEEEEING.
  4160 | D:4      | 4160 ||| FLEEEEING.
  4161 | D:4      | 4161 ||| FLEEEEING.
  4162 | D:4      | 4162 ||| FLEEEEING.
  4163 | D:4      | 4163 ||| FLEEEEING.
  4164 | D:4      | 4164 ||| FLEEEEING.
  4165 | D:4      | 4165 ||| FLEEEEING.
  4166 | D:4      | 4166 ||| STAIRDANCE
  4310 | D:4      | 4310 ||| Stepping ~*~*~tactically~*~*~ (hiding).
  4311 | D:4      | 4311 ||| SWAPPING to +0 war axe.
  4313 | D:4      | 4313 ||| Stepping ~*~*~tactically~*~*~ (hiding).
  4329 | D:4      | 4329 ||| DROPPING +0 hand axe.
  4347 | D:4      | 4347 ||| Stepping ~*~*~tactically~*~*~ (stealth).
  4358 | D:4      | 4358 ||| Stepping ~*~*~tactically~*~*~ (hiding).
  4373 | D:4      | HP: 3/32 [Blork the orc/puff of frost (9)]
  4373 | D:4      | Killed from afar by Blork the orc

Levels and vault maps discovered:
D:1:      lightli_arrival_boilingwater, layout_basic, corner_web_ring,
          minmay_pentomino_o2
D:2:      layout_loops_ring, basic_altar, uniq_robin
D:3:      layout_basic, lemuel_round_altar
D:4:      layout_cave_pools, mainiacjoe_overflow_six_doors_small,
          uniq_blork_the_orc
D:5:      layout_basic

Skill      XL: |  1  2  3  4 |
---------------+-------------+-----
Axes           | 2 3 4 |  4.8
Armour         | 2 |  2.3
Fighting       | |  3.2
Dodging        | |  1.5
Stealth        | |  5.4

Action                   |  1- 3 |  4- 6 || total
-------------------------+-------+-------++-------
Melee: Hand axe          |   155 |   153 ||   308
       Punch             |       |     3 ||     3
       War axe           |       |    22 ||    22
  Use: Scroll            |     5 |     4 ||     9
       Potion            |       |     3 ||     3
 Stab: Sleeping          |     3 |     1 ||     4
Armor: Leather armour    |    52 |    45 ||    97
       Chain mail        |       |    90 ||    90
Dodge: Dodged            |    80 |    72 ||   152

Table legend:
 A = Non-vault XP
 B = Vault XP
 C = Vault XP percentage of total XP
 D = Non-vault monster count
 E = Vault monster count
 F = Vault count percentage of total count
                 A         B        C        D         E       F
            +---------+---------+-------+---------+---------+-------
      Total |     253 |      41 |  13.9 |      63 |      15 |  19.2
            +---------+---------+-------+---------+---------+-------
        D:1 |      29 |       4 |  12.1 |      18 |       2 |  10.0
        D:2 |      17 |      37 |  68.5 |      10 |      13 |  56.5
        D:3 |      30 |       0 |   0.0 |      11 |       0 |   0.0
        D:4 |     177 |       0 |   0.0 |      24 |       0 |   0.0
            +---------+---------+-------+---------+---------+-------
